 Dungeon Crawl Stone Soup version 0.13-b1-28-gc7b9293 (webtiles) character file.

178 Lilouch the Cudgeler (level 4, -6/48 HPs)
             Began as an Ogre Berserker on Oct 4, 2013.
             Was a Believer of Trog.
             Killed from afar by Sigmund (12 damage)
             ... with a puff of flame
             ... on Level 3 of the Dungeon.
             The game lasted 00:17:46 (1918 turns).

Lilouch the Cudgeler (Ogre Berserker)               Turns: 1918, Time: 00:17:46

HP  -6/48        AC  0     Str 23      XL: 4   Next: 36%
MP   3/3         EV 20     Int  6      God: Trog [**....]
Gold 100         SH  0     Dex  9      Spells:  0 memorised,  3 levels left

Res.Fire  : . . .   See Invis. : .   a - melded +0 mace
Res.Cold  : . . .   Warding    : .   b - melded +0 animal skin
Life Prot.: . . .   Conserve   : .   (shield currently unavailable)
Res.Poison: .       Res.Corr.  : .   (helmet currently unavailable)
Res.Elec. : .       Clarity    : .   (cloak currently unavailable)
Sust.Abil.: . .     Spirit.Shd : .   (gloves unavailable)
Res.Mut.  : .       Stasis     : .   (boots unavailable)
Res.Rott. : .       Flight     : .   (amulet currently unavailable)
Saprovore : + . .                    (ring currently unavailable)
                                     (ring currently unavailable)

@: porcupine-form (expiring), exhausted, slowed, slow, slightly resistant to
hostile enchantments, very unstealthy
A: unfitting armour, fast metabolism 1, saprovore 1, (tough skin 0)
a: Burn Spellbooks, Berserk, Trog's Hand, Renounce Religion


You were on level 3 of the Dungeon.
You worshipped Trog.
Trog was pleased with you.
You were not hungry.
You were a porcupine.
You visited 1 branch of the dungeon, and saw 3 of its levels.

You collected 80 gold pieces.

Inventory:

Hand weapons
 a - a +0,+0 mace (melded)
Missiles
 f - 11 poisoned needles
 i - 37 sling bullets
 k - a throwing net (quivered)
 m - 13 darts
 t - 52 stones
 x - 9 poisoned arrows
 y - 13 arrows
Armour
 b - a +0 animal skin (melded)
 l - a +0 pair of boots
Comestibles
 c - 2 meat rations
 r - a chunk of bat flesh
 z - an apple
 A - 2 bread rations
Scrolls
 h - a scroll of enchant weapon I {unknown}
 j - 2 scrolls of fog {unknown}
 o - a scroll of blinking {unknown}
 s - a scroll of random uselessness {unknown}
 u - 3 scrolls of identify {unknown}
Jewellery
 e - an uncursed ring of see invisible {unknown}
 w - a cursed ring of teleportation {unknown}
Potions
 d - 3 potions of curing {unknown}
 g - a potion of agility {unknown}
 n - a potion of degeneration {unknown}
 p - a potion of poison {unknown}
 q - 3 potions of heal wounds {unknown}
 v - a potion of speed {unknown}


   Skills:
 + Level 4.6 Fighting
 + Level 4.8 Maces & Flails
 + Level 4.0 Dodging


You had 3 spell levels left.
You didn't know any spells.

Dungeon Overview and Level Annotations

Branches:
Dungeon (3/27)

Altars:
Ashenzari

Annotations:
D:3 Sigmund


Innate Abilities, Weirdness & Mutations

You are too large for most types of armour.
You have a fast metabolism.
You can tolerate rotten meat.
((You have tough skin (AC +1).))*


Message History

You hear some strange, mumbled words.
Something tries to affect you, but you resist.
You hear a zap.
Eat a chunk of bat flesh? (ye/n/q/i?) This raw flesh tastes unpleasant.
You hear a zap.
Something tries to affect you, but you resist.
You continue eating.
You hear some strange, mumbled words.
The puff of flame hits you! It barely misses you.
You continue eating.
You hear some strange, mumbled words.
The magic dart hits you!
* * * LOW HITPOINT WARNING * * *
You hear a zap.
Something tries to affect you, but you resist.
You see here a jackal corpse.
You hear a zap.
The puff of flame hits you!
You die...

. #. ..# #. ..### #. ....# #.
######....# #####. #...#.....
#...#.
############...#...#########...#.
...............................#.
................r......<.........
..................#########....##
..............%...# ##...##....#
..##########..%######....##.####
..# ##.....................# ###
#....................###
#......#..#..#..#....#
#.....#..#..#..#..#..#
##.##...#..#..#..#...#


There were no monsters in sight!

Vanquished Creatures
  Ijyb (D:2)
  An adder (D:2)
  A giant mite (D:2)
  A worm (D:2)
  A ball python (D:1)
  6 bats
  4 hobgoblins
  6 jackals
  A giant gecko (D:2)
  A giant newt (D:1)
  9 goblins
  6 rats
38 creatures vanquished.

Notes
Turn   | Place    | Note
--------------------------------------------------------------
     0 | D:1      | Lilouch, the Ogre Berserker, began the quest for the Orb.
     0 | D:1      | Reached XP level 1. HP: 23/23 MP: 0/0
    72 | D:1      | Reached XP level 2. HP: 23/32 MP: 1/1
   814 | D:2      | Acquired Trog's second power
   853 | D:2      | Reached XP level 3. HP: 24/39 MP: 2/2
   960 | D:2      | Noticed Ijyb
   968 | D:2      | Killed Ijyb
  1244 | D:2      | Reached XP level 4. HP: 43/48 MP: 3/3
  1684 | D:2      | Found a shattered altar of Ashenzari.
  1855 | D:3      | Noticed Sigmund
  1918 | D:3      | Killed from afar by Sigmund

Action                   |  1- 3 |  4- 6 || total
-------------------------+-------+-------++-------
Melee: Mace              |    71 |    40 ||   111
       Unarmed           |       |    10 ||    10
Invok: Berserk           |     1 |     1 ||     2
